 Dungeon Crawl Stone Soup version 0.30-a0-422-g946f4849ff (webtiles) character file.

Game seed: 9593018175947244998

95 McMuffin the Grave Robber (level 4, -6/24 HPs)
             Began as a Deep Elf Necromancer on Dec 8, 2022.
             Mangled by Edmund
             ... wielding a +2 flail of protection
              (12 damage)
             ... on level 4 of the Dungeon.
             The game lasted 00:14:47 (1672 turns).

McMuffin the Grave Robber (Deep Elf Necromancer)    Turns: 1672, Time: 00:14:48

Health: -6/24      AC:  2    Str:  5    XL:     4   Next: 39%
Magic:  3/12       EV: 12    Int: 22    God:
Gold:   122        SH:  0    Dex: 15    Spells: 11/12 levels left

rFire   . . .      SeeInvis .    i - +0 short sword
rCold   . . .      Faith    .    (no shield)
rNeg    . . .      Spirit   .    a - +0 robe
rPois   .          Reflect  .    (no helmet)
rElec   .          Harm     .    (no cloak)
rCorr   .          Rampage  .    (no gloves)
Will    .....                    (no boots)
Stlth   ++........               (no amulet)
HPRegen 0.24/turn                (no ring)
MPRegen 0.13/turn                (no ring)

@: no status effects
A: no striking features
a: no special abilities


You were on level 4 of the Dungeon.
You visited 1 branch of the dungeon, and saw 4 of its levels.

You collected 122 gold pieces.

Inventory:

Hand Weapons
 f - a +0 dagger
 i - a +0 short sword (weapon)
Armour
 a - a +0 robe (worn)
Scrolls
 c - a scroll of enchant weapon {unknown}
 e - a scroll of identify {unknown}
 h - 2 scrolls of noise {unknown}
 j - a scroll of amnesia {unknown}
 l - a scroll of teleportation {unknown}
 o - a scroll of butterflies {unknown}
 p - 2 scrolls of enchant armour {unknown}
Potions
 b - a potion of magic
 d - a potion of degeneration {unknown}
 g - a potion of might {unknown}
 k - a potion of curing {unknown}
 m - a potion of haste {unknown}
 n - a potion of invisibility {unknown}


   Skills:
 + Level 2.4 Dodging
 + Level 2.8 Stealth
 + Level 4.8 Spellcasting
 + Level 6.0 Necromancy


You had 11 spell levels left.
You knew the following spells:

 Your Spells              Type           Power      Damage    Failure   Level
a - Necrotise             Necr           100%       1d9       1%          1

Your spell library contained the following spells:

 Spells                   Type           Power      Damage    Failure   Level
 Vampiric Draining        Necr           31%        2d8       2%          3
 Animate Dead             Necr           31%        N/A       9%          4
 Agony                    Necr           31%        N/A       24%         5


Dungeon Overview and Level Annotations

Branches:
Dungeon (4/15)
 Temple: D:4-7

Altars:
Elyvilon
Fedhas
Yredelemnul

Annotations:
D:4 Edmund


Message History

Press: ? - help, Q - select action Shift-Dir - straight line, f/p - Edmund
Aim: Edmund, wielding a +2 flail of protection and wearing a +0 scale mail (moderately wounded, chance to affect: 83%) Edmund writhes in agony!
Aiming: Necrotise (safe; 1% risk of failure)
Press: ? - help, Q - select action Shift-Dir - straight line, f/p - Edmund
Aim: Edmund, wielding a +2 flail of protection and wearing a +0 scale mail (heavily wounded, chance to affect: 83%) Edmund writhes in agony.
Aiming: Necrotise (safe; 1% risk of failure)
Press: ? - help, Q - select action Shift-Dir - straight line, f/p - Edmund
Aim: Edmund, wielding a +2 flail of protection and wearing a +0 scale mail (severely wounded, chance to affect: 83%) Edmund writhes in agony.
Edmund barely misses you.
Aiming: Necrotise (safe; 1% risk of failure)
Press: ? - help, Q - select action Shift-Dir - straight line, f/p - Edmund
Aim: Edmund, wielding a +2 flail of protection and wearing a +0 scale mail (severely wounded, chance to affect: 83%) Edmund barely resists.
Edmund hits you with a +2 flail of protection!
Aiming: Necrotise (safe; 1% risk of failure)
Press: ? - help, Q - select action Shift-Dir - straight line, f/p - Edmund
Aim: Edmund, wielding a +2 flail of protection and wearing a +0 scale mail (severely wounded, chance to affect: 83%) Edmund writhes in agony.
Edmund hits you with a +2 flail of protection!
Aiming: Necrotise (safe; 1% risk of failure)
Press: ? - help, Q - select action Shift-Dir - straight line, f/p - Edmund
Aim: Edmund, wielding a +2 flail of protection and wearing a +0 scale mail (severely wounded, chance to affect: 83%) Edmund writhes in agony.
Edmund hits you with a +2 flail of protection.
Aiming: Necrotise (safe; 1% risk of failure)
Press: ? - help, Q - select action Shift-Dir - straight line, f/p - Edmund
Aim: Edmund, wielding a +2 flail of protection and wearing a +0 scale mail (severely wounded, chance to affect: 83%) Edmund writhes in agony.
Edmund hits you with a +2 flail of protection.
* * * LOW HITPOINT WARNING * * *
Aiming: Necrotise (safe; 1% risk of failure)
Press: ? - help, Q - select action Shift-Dir - straight line, f/p - Edmund
Aim: Edmund, wielding a +2 flail of protection and wearing a +0 scale mail (almost dead, chance to affect: 83%) Edmund writhes in agony.
Edmund hits you with a +2 flail of protection!
Ouch! That really hurt!
You die...

# .###. ......########
#......<.....#
#.##..######.#
............#######.##
....
.#####....@@...... ##.
#.......##.## #
#######.# .# #


You could see Edmund.

Vanquished Creatures
  An orc wizard (D:3)
  An adder (D:3)
  2 dart slugs
  6 orcs (D:3)
  A ball python (D:2)
  4 endoplasms
  6 giant cockroaches
  4 goblins
  2 hobgoblins
  2 jackals (D:1)
  6 bats
  3 frilled lizards (D:2)
  6 kobolds
  4 rats
48 creatures vanquished.

Vanquished Creatures (collateral kills)
  A quokka (D:1)
  A rat (D:1)
2 creatures vanquished.

Grand Total: 50 creatures vanquished

Notes
Turn   | Place    | Note
-------+----------+-------------------------------------------
     0 | D:1      | McMuffin the Deep Elf Necromancer began the quest for the
                  | Orb.
     0 | D:1      | Reached XP level 1. HP: 10/10 MP: 6/6
    43 | D:1      | Reached skill level 5 in Necromancy
    64 | D:1      | Found a faded altar of an unknown god.
   111 | D:1      | Reached XP level 2. HP: 15/15 MP: 1/8
   688 | D:2      | Reached XP level 3. HP: 19/19 MP: 7/9
   708 | D:2      | Found a white marble altar of Elyvilon.
  1218 | D:3      | Reached XP level 4. HP: 23/24 MP: 3/12
  1229 | D:3      | Reached skill level 6 in Necromancy
  1296 | D:3      | Found a blossoming altar of Fedhas.
  1375 | D:3      | Found a basalt altar of Yredelemnul.
  1660 | D:4      | Noticed Edmund
  1672 | D:4      | Mangled by Edmund

Illustrated notes

Levels and vault maps discovered:
D:1:      mrwooster_arrival_arrow, layout_basic, chequers_ecumenical_altar_lobes
D:2:      layout_basic, basic_altar
D:3:      layout_basic, mainiacjoe_overflow_brackets, fedhas_altar_2
D:4:      layout_loops_ring, nicolae_overflow_crystal_walls,
          grunt_dithmenos_smoke_and_mirrors, uniq_edmund

Skill      XL: |  1  2  3  4 |
---------------+-------------+-----
Necromancy     | 5 6 |  6.0
Spellcasting   | 4 |  4.8
Dodging        | |  2.4
Stealth        | |  2.8

Action                   |  1- 3 |  4- 6 || total
-------------------------+-------+-------++-------
Melee: Short sword       |    12 |       ||    12
 Cast: Necrotise         |    72 |    18 ||    90
Armor: Robe              |     5 |       ||     5
Dodge: Dodged            |    17 |     3 ||    20

Table legend: (Time is in decaauts)
 A = Elapsed time spent in this place.
 B = Non-inter-level travel time spent in this place.
 C = Inter-level travel time spent in this place.
 D = Time resting spent in this place.
 E = Time spent auto-exploring this place.
 F = Levels seen in this place.
 G = Mean time per level.
                   A        B        C        D        E       F      G
               +--------+--------+--------+--------+--------+-----+--------+
         Total |   1671 |   1630 |     41 |     57 |      0 |   4 |  417.8 |
       Dungeon |   1671 |   1630 |     41 |     57 |      0 |   4 |  417.8 |
               +--------+--------+--------+--------+--------+-----+--------+

Top non-repeatable levels by time:
     D:3: 706 daAuts
     D:1: 577 daAuts
     D:2: 366 daAuts
     D:4: 20 daAuts
